[Event "Team 45 45 League T49"]
[Site "Internet Chess Club"]
[Date "2011.05.22"]
[Round "2"]
[White "Monsieur"]
[Black "Timotheous"]
[Result "0-1"]
[WhiteElo "1525"]
[BlackElo "1751"]
[Opening "Sicilian: Nimzovich-Rossolimo attack (without ...d6)"]
[ECO "B30"]
[Time "20:00:20"]
[TimeControl "2700+45"]

1. e4 c5 2. Nf3 Nc6 3. Bb5 a6 4. Bxc6 dxc6 5. O-O g6 6. e5 Bg7 7. c3 Bg4 8. d4
cxd4 9. cxd4 Bxf3 10. gxf3 e6 11. Nc3 Ne7 12. Bg5 h6 13. Bxe7 Qxe7 14. Qb3 O-O
15. Ne4 Rab8 16. Rad1 Rfd8 17. Kh1 b6 18. f4 Qh4 19. Qg3 Qxg3 20. hxg3 Rd7 21.
Rd2 Rbd8 22. Rfd1 c5 23. dxc5 Rxd2 24. Rxd2 Rxd2 25. Nxd2 bxc5 26. Ne4 Bf8 27.
Kg2 Be7 28. Kf3 Kf8 29. Ke3 Ke8 30. Kd3 Kd7 31. Kc4 Kc6 32. a3 Kb6 33. b4 cxb4
34. axb4 Kc6 35. f3 h5 36. Nc3 h4 37. gxh4 Bxh4 38. b5+ axb5+ 39. Nxb5 Be7 40.
Na7+ Kb7 41. Nb5 Kb6 42. Nc3 Bh4 43. Ne4 Kc6 44. Kd4 Kd7 45. Kc5 Ke7 46. Kc6 Be1
47. Kc7 Bb4 48. Ng5 Bd2 49. Nh3 f6 50. Kc8 Bc3 51. exf6+ Bxf6 52. Kc7 Bh4 53.
Kc6 Bg3 54. Kc5 Kf6 55. Kd4 Kf5 56. Ke3 Bh2 57. Kf2 Bxf4 58. Nxf4 Kxf4 59. Ke2
e5 60. Kf2 g5 {White resigns} 0-1

[Event "Team 45 45 League T49"]
[Site "Internet Chess Club"]
[Date "2011.05.22"]
[Round "2"]
[White "kidcobra"]
[Black "vollmerj"]
[Result "1-0"]
[WhiteElo "1660"]
[BlackElo "1730"]
[Opening "Philidor: Improved Hanham variation"]
[ECO "B07"]
[Time "13:00:18"]
[TimeControl "2700+45"]

1. e4 d6 2. d4 Nf6 3. Nc3 Nbd7 4. Nf3 e5 5. dxe5 dxe5 6. a3 Bd6 7. Bc4 O-O 8.
Bg5 h6 9. Bh4 Be7 10. Bxf6 Bxf6 11. Nd5 Nb6 12. Nxb6 axb6 13. O-O Bg4 14. Be2
Qxd1 15. Rfxd1 Rfd8 16. Rxd8+ Rxd8 17. Rd1 Bxf3 18. Rxd8+ Bxd8 19. Bxf3 b5 20.
Kf1 c6 21. Ke2 Bb6 22. Bg4 Bd4 23. c3 Ba7 24. Bc8 b6 25. Bd7 c5 26. Bxb5 f6 27.
Ke3 Kf7 28. b4 cxb4 29. cxb4 Ke6 30. Ke2 f5 31. exf5+ Kxf5 32. Ke3 g5 33. Bd7+
Kf6 34. b5 Bb8 35. Ke4 Bd6 36. a4 Ke7 37. Bc6 Kf6 38. g4 Bc5 39. f3 Bg1 40. h3
Bd4 41. Bd7 Ke7 42. Bc8 Kd6 43. Kf5 Kc5 44. Kg6 Be3 45. Kxh6 Kd4 46. Kh5 Bf4 47.
h4 gxh4 48. Kxh4 Bh6 49. g5 Bg7 50. Kh5 Ke3 51. Bb7 Kf4 52. Kg6 Bf8 53. Kf7 Kxg5
{Black resigns} 1-0

[Event "Team 45 45 League T49"]
[Site "Internet Chess Club"]
[Date "2011.05.22"]
[Round "2"]
[White "bayoumicardio10"]
[Black "Ivio"]
[Result "0-1"]
[WhiteElo "1656"]
[BlackElo "1766"]
[Opening "French: King's Indian attack"]
[ECO "C00"]
[Time "13:48:22"]
[TimeControl "2700+45"]

1. e4 e6 2. d3 d5 3. Nd2 dxe4 4. dxe4 Nd7 5. Ngf3 Ngf6 6. g3 Bc5 7. Bg2 O-O 8.
O-O e5 9. Re1 Ng4 10. Re2 Qe7 11. h3 Ngf6 12. a4 Rd8 13. Qe1 a6 14. Nc4 Nh5 15.
Be3 Bxe3 16. Rxe3 Qc5 17. Qc3 Re8 18. Rd1 b5 19. b4 Qxc4 20. Qxc4 bxc4 21. Rc3
Nb6 22. a5 Na4 23. Rxc4 Nb2 24. Rxc7 Nxd1 25. Rc5 f6 26. Bf1 Bb7 27. Bc4+ Kf8
28. Rc7 Re7 29. Rc5 Rc8 30. Rxc8+ Bxc8 31. Bd5 Nc3 32. Bc6 Bb7 33. Bxb7 Rxb7
{White resigns} 0-1

[Event "Team 45 45 League T49"]
[Site "Internet Chess Club"]
[Date "2011.05.22"]
[Round "2"]
[White "Salvatore"]
[Black "Innes"]
[Result "0-1"]
[WhiteElo "1570"]
[BlackElo "1689"]
[Opening "Giuoco Piano: four knights variation"]
[ECO "C55"]
[Time "16:18:12"]
[TimeControl "2700+45"]

1. e4 e5 2. Nf3 Nc6 3. Bc4 Nf6 4. Nc3 Bc5 5. Nxe5 O-O 6. O-O d6 7. Nxc6 bxc6 8.
d4 Bb4 9. f3 d5 10. e5 dxc4 11. exf6 Qxf6 12. Ne4 Qg6 13. c3 Bd6 14. Nxd6 cxd6
15. f4 Bg4 16. Qe1 Rfe8 17. Qg3 Re2 18. h3 Bf5 19. Qxg6 hxg6 20. b3 cxb3 21.
axb3 Rc2 22. c4 Re8 23. Rf2 Re1+ 24. Rf1 Ree2 25. Rd1 Rxg2+ 26. Kf1 Bxh3 27. Rd3
Rg3+ {White resigns} 0-1

[Event "Team 45 45 League T49"]
[Site "Internet Chess Club"]
[Date "2011.05.21"]
[Round "2"]
[White "gandre"]
[Black "krysto"]
[Result "1/2-1/2"]
[WhiteElo "1731"]
[BlackElo "1601"]
[Opening "Queen's pawn game, Darooha variation "]
[ECO "D02"]
[Time "09:00:17"]
[TimeControl "2700+45"]

1. d4 d5 2. Nf3 Nf6 3. c3 e6 4. Bf4 c5 5. e3 Nc6 6. Bd3 cxd4 7. exd4 Bd6 8. Bxd6
Qxd6 9. Qe2 O-O 10. O-O a6 11. a4 Re8 12. Nbd2 e5 13. dxe5 Nxe5 14. Nxe5 Rxe5
15. Qd1 Bg4 16. Nf3 Rae8 17. h3 Bxf3 18. Qxf3 Qb6 19. Rab1 Qc6 20. Bc2 Re2 21.
Rfc1 h6 22. Qd3 Qb6 23. Rf1 Qc7 24. b4 d4 25. c4 Qf4 26. Rbd1 Qg5 27. Qb3 R8e3
28. Rd3 Rxd3 29. Bxd3 Rd2 30. Rd1 Rxd1+ 31. Qxd1 Qe5 32. Qb1 b6 33. a5 bxa5 34.
bxa5 g6 35. Qb6 Qe1+ 36. Bf1 d3 37. Qd8+ Kg7 38. Qxd3 Qxa5 39. Qd4 Qc7 40. c5 a5
41. Bb5 Qb7 42. Ba4 Qb4 43. Qxb4 axb4 44. Kf1 Nd5 45. Ke1 Kf8 46. Kd2 Ke7 47.
Kc2 Ke6 48. Bb3 Ke5 49. g3 f6 50. Kd3 Nc7 51. Kc4 Ke4 52. Bd1 Na6 53. Kb5 Nxc5
54. Kxc5 b3 55. Kd6 b2 56. Bc2+ Kf3 57. Bxg6 Kxf2 58. g4 Kg3 59. Ke6 Kxh3 60.
Bf5 b1=Q 61. Bxb1 Kxg4 62. Kxf6 h5 63. Bf5+ Kg3 {Game drawn by mutual agreement}
1/2-1/2

[Event "Team 45 45 League T49"]
[Site "Internet Chess Club"]
[Date "2011.05.24"]
[Round "2"]
[White "milesotoole"]
[Black "MCJR"]
[Result "1-0"]
[WhiteElo "1468"]
[BlackElo "1426"]
[Opening "Sicilian: closed, 2...Nc6"]
[ECO "B23"]
[Time "21:46:09"]
[TimeControl "2700+45"]

1. e4 c5 2. Nc3 Nc6 3. Bb5 Nd4 4. Bc4 e6 5. Nge2 Nf6 6. O-O d5 7. exd5 exd5 8.
Nxd5 Nxd5 9. Nxd4 cxd4 10. Qh5 g6 11. Qxd5 {Black resigns} 1-0

[Event "Team 45 45 League T49"]
[Site "Internet Chess Club"]
[Date "2011.05.23"]
[Round "2"]
[White "Freitac"]
[Black "SaltofLife"]
[Result "1/2-1/2"]
[WhiteElo "1933"]
[BlackElo "1836"]
[Opening "Benoni: fianchetto variation"]
[ECO "A62"]
[Time "15:43:57"]
[TimeControl "2700+45"]

1. d4 Nf6 2. c4 e6 3. Nf3 c5 4. d5 exd5 5. cxd5 d6 6. Nc3 g6 7. g3 Bg7 8. Bg2
O-O 9. O-O Re8 10. Nd2 b6 11. a4 Ba6 12. Nb5 Nbd7 13. Re1 Bxb5 14. axb5 Qc7 15.
e4 Ne5 16. Bf1 g5 17. Ra4 Qe7 18. b3 Ned7 19. Bb2 Nxd5 20. Bxg7 Kxg7 21. Qa1+
Kg8 22. Rxa7 Rxa7 23. Qxa7 N7f6 24. Qxe7 Rxe7 25. f3 g4 26. Kf2 gxf3 27. Kxf3
Nc3 28. Re3 Nd1 29. Re1 Nc3 30. Re3 Nd1 31. Re1 Nc3 32. Re3 Nd1 {Game drawn by
repetition} 1/2-1/2

[Event "Team 45 45 League T49"]
[Site "Internet Chess Club"]
[Date "2011.05.20"]
[Round "2"]
[White "Sir-Sinister"]
[Black "ddlj81"]
[Result "1-0"]
[WhiteElo "1731"]
[BlackElo "1761"]
[Opening "Dunst (Sleipner, Heinrichsen) opening"]
[ECO "A00"]
[Time "22:00:11"]
[TimeControl "2700+45"]

1. Nc3 d5 2. e4 d4 3. Nce2 c5 4. Ng3 Nc6 5. Bc4 e5 6. Nf3 Bd6 7. O-O Nf6 8. Qe2
a6 9. a4 Na5 10. Ba2 O-O 11. d3 b5 12. Bd2 Bb7 13. Nh4 c4 14. Nhf5 Re8 15. Bxa5
Bc7 16. Bd2 bxa4 17. Bxc4 Bc6 18. Bg5 Bd6 19. Nh5 Kh8 20. Nfxg7 Be7 21. Nxf6
Bxf6 22. Bxf6 Qxf6 23. Nxe8 Rxe8 24. Qh5 Qg6 25. Bxf7 Qxh5 26. Bxh5 Rb8 27. Rfb1
Kg7 28. b3 Kh6 29. Be2 {Black resigns} 1-0

[Event "Team 45 45 League T49"]
[Site "Internet Chess Club"]
[Date "2011.05.21"]
[Round "2"]
[White "parrot9"]
[Black "quotha"]
[Result "0-1"]
[WhiteElo "1613"]
[BlackElo "1671"]
[Opening "Philidor: exchange variation"]
[ECO "C41"]
[Time "13:01:05"]
[TimeControl "2700+45"]

1. e4 e5 2. Nf3 d6 3. d4 exd4 4. Nxd4 Be7 5. Nc3 Nf6 6. f3 a6 7. Be3 O-O 8. Qd2
b5 9. O-O-O b4 10. Nce2 c5 11. Nf5 Bxf5 12. exf5 d5 13. g4 d4 14. Bf4 Nd5 15.
Bg3 Ne3 16. Re1 Qd5 17. Kb1 Qxf3 18. Rg1 Qxg4 19. Be5 Nc4 20. Qf4 Qxf4 21. Rxg7+
Kh8 22. Rg4+ Qxe5 {White resigns} 0-1

[Event "Team 45 45 League T49"]
[Site "Internet Chess Club"]
[Date "2011.05.19"]
[Round "2"]
[White "toukon"]
[Black "amanileo"]
[Result "0-1"]
[WhiteElo "1676"]
[BlackElo "1920"]
[Opening "QGD: Marshall defense"]
[ECO "D06"]
[Time "15:04:24"]
[TimeControl "2700+45"]

1. d4 d5 2. c4 Nf6 3. cxd5 Nxd5 4. e4 Nf6 5. Nc3 e6 6. Nf3 Be7 7. Bc4 O-O 8. O-O
c5 9. d5 exd5 10. exd5 a6 11. a4 Qc7 12. h3 Nbd7 13. a5 Bd6 14. b3 Re8 15. Re1
Rxe1+ 16. Qxe1 Ne5 17. Qd1 Bf5 18. Bb2 Re8 19. Nxe5 Bxe5 20. Qf3 Bg6 21. Kf1 Bd4
22. d6 Qxd6 23. Kg1 Bh5 24. Qxb7 Qf4 25. Ne2 Qxf2+ 26. Kh1 Bxb2 27. Rb1 Be5 28.
Bxa6 Bxe2 29. Bxe2 Qg3 30. Kg1 Qh2+ 31. Kf2 Bd4+ {White resigns} 0-1

[Event "Team 45 45 League T49"]
[Site "Internet Chess Club"]
[Date "2011.05.23"]
[Round "2"]
[White "Fatman"]
[Black "theapprentice"]
[Result "1-0"]
[WhiteElo "1766"]
[BlackElo "1775"]
[Opening "Sicilian defense"]
[ECO "B32"]
[Time "10:04:13"]
[TimeControl "2700+45"]

1. e4 c5 2. Nf3 Nc6 3. d4 cxd4 4. Nxd4 Nxd4 5. Qxd4 e6 6. Nc3 Ne7 7. Bg5 f6 8.
Bh4 Nc6 9. Qe3 Bb4 10. Bb5 a6 11. Ba4 Qa5 12. Bb3 O-O 13. O-O Ne5 14. Bg3 Bc5
15. Qe2 Ng6 16. Kh1 b5 17. a3 Qb6 18. f4 Bb7 19. f5 Ne5 20. fxe6 dxe6 21. Bxe5
fxe5 22. Qh5 Bd4 23. Rab1 Bxc3 24. bxc3 Bxe4 25. Qxe5 Bg6 26. Bxe6+ Kh8 27. Bb3
Rfe8 28. Qd4 Qa5 29. a4 bxa4 30. Bxa4 Red8 31. Qb4 Qg5 32. Rbd1 Rdc8 33. c4 Be4
34. Rd2 h5 35. Rdf2 h4 36. c5 Bd5 37. c4 Be4 38. c6 h3 39. Rg1 hxg2+ 40. Rfxg2
Rab8 41. Qe1 Bxg2+ 42. Rxg2 Qf5 43. Bc2 Qh5 44. Qe7 Rg8 45. c7 Rbe8 46. Qb4 Rgf8
47. Qb1 Re2 48. Qd1 Rfe8 49. c8=Q Rxc8 50. Qxe2 Qxe2 51. Rxe2 Rxc4 52. Re8#
{Black checkmated} 1-0

[Event "Team 45 45 League T49"]
[Site "Internet Chess Club"]
[Date "2011.05.20"]
[Round "2"]
[White "ElMarginal"]
[Black "noblitz-oblige"]
[Result "1-0"]
[WhiteElo "1584"]
[BlackElo "1684"]
[Opening "Trompowsky attack (Ruth, Opocenský opening)"]
[ECO "A45"]
[Time "20:36:04"]
[TimeControl "2700+45"]

1. d4 Nf6 2. Bg5 e6 3. e4 Be7 4. Bd3 Nc6 5. Ne2 h6 6. Bh4 d5 7. e5 Nd7 8. Bxe7
Nxe7 9. Nd2 c5 10. c3 Qb6 11. Rb1 Nc6 12. Qa4 Qc7 13. f4 Nb6 14. Qb5 c4 15. Bc2
Qe7 16. Qc5 Qxc5 17. dxc5 Nd7 18. b4 cxb3 19. Nxb3 O-O 20. Ned4 a6 21. O-O Re8
22. Rf3 f6 23. Bg6 Re7 24. exf6 Nxf6 25. Nxc6 bxc6 26. Nd4 Bd7 27. Rb7 Rc8 28.
h3 Kf8 29. Rb6 Ne8 30. Rxa6 Nc7 31. Rb6 Nb5 32. a4 Nxd4 33. cxd4 Be8 34. Bd3 Ra7
35. Ba6 Rcc7 36. f5 exf5 37. Rxf5+ Rf7 38. Rxf7+ Rxf7 39. Rb4 Ra7 40. Bd3 Bh5
41. g4 Be8 42. Bc2 Ke7 43. Rb8 Bf7 44. Rb6 Kd7 45. Bf5+ Kc7 46. Bc2 Be6 47. Kf2
Bc8 48. Ke3 Ba6 49. Kf4 Bf1 50. h4 Bg2 51. g5 hxg5+ 52. hxg5 Ra8 53. Kf5 Re8 54.
a5 Be4+ 55. Bxe4 dxe4 56. Rb2 e3 57. Re2 Kb7 58. Kf4 Ka6 59. Rxe3 Rf8+ 60. Ke4
Kxa5 61. Rf3 Re8+ 62. Kd3 Re7 63. Kc4 Ka6 64. Ra3+ Kb7 65. Rh3 Kc8 66. Rh4 Kd7
67. d5 cxd5+ 68. Kxd5 Rf7 69. Re4 Kc7 70. g6 {Black resigns} 1-0

[Event "Team 45 45 League T49"]
[Site "Internet Chess Club"]
[Date "2011.05.22"]
[Round "2"]
[White "Mark-SF"]
[Black "koni"]
[Result "1-0"]
[WhiteElo "1931"]
[BlackElo "1936"]
[Opening "Sicilian: Grand Prix attack"]
[ECO "B21"]
[Time "13:01:20"]
[TimeControl "2700+45"]

1. e4 c5 2. f4 Nc6 3. Nc3 g6 4. Nf3 Bg7 5. Bb5 Nd4 6. Bc4 e6 7. e5 d5 8. Nxd4
cxd4 9. Bb5+ Bd7 10. Bxd7+ Qxd7 11. Ne2 Qa4 12. b3 Qb4 13. a4 Ne7 14. Ba3 Qb6
15. a5 Qa6 16. Nxd4 Nc6 17. Nxc6 bxc6 18. Bd6 Bf8 19. Bxf8 Kxf8 20. Qe2 Qxe2+
21. Kxe2 c5 22. c4 Rb8 23. cxd5 exd5 24. Rhc1 Rb5 25. Ra2 Ke7 26. Rac2 Rc8 27.
d4 Rxa5 28. dxc5 Rb5 29. Ra1 a5 30. c6 Rc7 31. Ra3 Kd8 32. Ke3 Ra7 33. Kd4 Kc7
34. Rc5 Kb6 35. Rxb5+ Kxb5 36. Kxd5 Rc7 37. Ra1 h5 38. Rc1 Kb6 39. Kd6 h4 40.
Rc5 Rc8 41. c7 Kb7 42. Kd7 {Black resigns} 1-0

[Event "Team 45 45 League T49"]
[Site "Internet Chess Club"]
[Date "2011.05.21"]
[Round "2"]
[White "BigH"]
[Black "upsan"]
[Result "1-0"]
[WhiteElo "1831"]
[BlackElo "1741"]
[Opening "English opening"]
[ECO "A13"]
[Time "10:02:29"]
[TimeControl "2700+45"]

1. c4 e6 2. g3 f5 3. Bg2 Nf6 4. Nf3 c6 5. O-O d5 6. d3 Be7 7. Nc3 O-O 8. e4 dxc4
9. dxc4 fxe4 10. Ng5 e5 11. Ngxe4 Na6 12. Qe2 Qc7 13. b3 Bf5 14. Bb2 Nxe4 15.
Nxe4 Bxe4 16. Bxe4 Bf6 17. Rad1 Rad8 18. Qh5 g6 19. Qg4 Kh8 20. h4 Qf7 21. Ba3
Be7 22. Bxe7 Qxe7 23. h5 gxh5 24. Qxh5 Nc5 25. Bxh7 Rxd1 26. Rxd1 Qf6 27. Bg6+
{Black resigns} 1-0

[Event "Team 45 45 League T49"]
[Site "Internet Chess Club"]
[Date "2011.05.19"]
[Round "2"]
[White "qs16"]
[Black "Nakke"]
[Result "0-1"]
[WhiteElo "1677"]
[BlackElo "1813"]
[Opening "Queen's pawn: stonewall attack"]
[ECO "A45"]
[Time "16:07:24"]
[TimeControl "2700+45"]

1. d4 Nf6 2. e3 d5 3. Bd3 Bg4 4. Nf3 e6 5. Nbd2 Nbd7 6. O-O Bd6 7. h3 Bh5 8. Qe1
O-O 9. b3 c6 10. Bb2 Qe7 11. e4 dxe4 12. Bxe4 Nxe4 13. Qxe4 Bg6 14. Qg4 Nf6 15.
Qg5 Bxc2 16. a3 h6 17. Qh4 Nd5 18. Rac1 Qxh4 19. Nxh4 Bh7 20. g3 Rfd8 21. Nc4
Be7 22. Ng2 Bf6 23. Nge3 h5 24. Nxd5 Rxd5 25. Ne5 h4 26. Kh2 hxg3+ 27. fxg3 Bxe5
{White resigns} 0-1

[Event "Team 45 45 League T49"]
[Site "Internet Chess Club"]
[Date "2011.05.21"]
[Round "2"]
[White "gandre"]
[Black "Buford-Julep"]
[Result "0-1"]
[WhiteElo "1713"]
[BlackElo "1709"]
[Opening "Queen's pawn game"]
[ECO "D02"]
[Time "13:07:31"]
[TimeControl "2700+45"]

1. d4 d5 2. Nf3 Bg4 3. Bf4 Nf6 4. h3 Bh5 5. e3 e6 6. Bd3 Bg6 7. O-O c5 8. Ne5
Bxd3 9. Nxd3 cxd4 10. exd4 Nc6 11. c3 Bd6 12. Bxd6 Qxd6 13. Re1 O-O 14. Nd2 b5
15. Ne5 Nd7 16. Nxc6 Qxc6 17. Qe2 Qd6 18. a3 Rfb8 19. Nf3 a5 20. b4 h6 21. Ne5
Nxe5 22. dxe5 Qc7 23. Rec1 Qb6 24. Qd3 Rc8 25. a4 axb4 26. Qxb5 Qxb5 27. axb5
Rxa1 28. Rxa1 bxc3 29. Rc1 d4 30. Kf1 d3 31. b6 d2 32. Ra1 c2 33. b7 c1=Q+
{White resigns} 0-1

[Event "Team 45 45 League T49"]
[Site "Internet Chess Club"]
[Date "2011.05.23"]
[Round "2"]
[White "Schack"]
[Black "randallsr"]
[Result "0-1"]
[WhiteElo "1688"]
[BlackElo "1785"]
[Opening "French: Tarrasch, open variation"]
[ECO "C07"]
[Time "14:01:09"]
[TimeControl "2700+45"]

1. e4 e6 2. d4 d5 3. Nd2 c5 4. exd5 Qxd5 5. Ngf3 c4 6. Bxc4 Qh5 7. O-O Nf6 8.
Qe2 Bd6 9. Ne4 Nxe4 10. Qxe4 Nd7 11. Bxe6 O-O 12. Qf5 Nf6 13. Bxc8 Raxc8 14.
Qxh5 Nxh5 15. c3 b5 16. Be3 Nf6 17. Rac1 a5 18. h3 Nd5 19. Bd2 Bf4 20. g3 Bxd2
21. Nxd2 Nb6 22. Rfd1 Na4 23. Rc2 Rfd8 24. Rdc1 Nb6 25. Nb3 Nc4 26. Nc5 Rc7 27.
Kf1 g6 28. Ke2 Re8+ 29. Kf1 h6 30. Re1 Rd8 31. Rce2 Kf8 32. b3 Nb6 33. Re6 Nd5
34. Rxg6 Rxc5 35. Rxh6 Kg7 36. dxc5 Kxh6 37. c4 bxc4 38. bxc4 Nb4 39. Re7 Kg7
40. a3 Nc2 41. Ra7 Nxa3 42. Rxa5 Nxc4 43. Ra4 Nd2+ 44. Ke2 Nb3 45. Rc4 Rc8 46.
c6 Na5 47. Rg4+ Kf8 48. Rh4 Rxc6 49. Kf3 Rf6+ 50. Rf4 Rd6 51. h4 Nc6 52. Kg2 Ne5
53. Rf5 Nd3 54. Ra5 Re6 55. Ra2 Kg7 56. Kf1 Kg6 57. Ra5 f6 58. Ra3 Nc5 59. Ra5
Rc6 60. Ra3 Kh5 61. Kg2 Ne6 62. Ra5+ Kg6 63. Ra4 Rc2 64. Ra6 Nc5 65. Ra3 Rd2 66.
Rf3 Nd3 67. Kf1 Ne5 68. Rf4 Ra2 69. Kg2 Nd3 70. Rc4 Nxf2 71. Kf3 Nd1 72. Rg4+
Kf5 73. Rf4+ Ke5 74. Re4+ Kd5 75. Re8 Nc3 76. h5 f5 77. h6 Rh2 78. g4 fxg4+ 79.
Kxg4 Rxh6 80. Kg5 Rh1 81. Kf5 Rf1+ 82. Kg4 Ne4 83. Kh3 Rg1 84. Kh2 Rg7 85. Kh3
Kd4 86. Kh4 Ke3 87. Kh3 Rg6 88. Kh4 Rg7 89. Kh3 Rf7 90. Kg4 Rf4+ 91. Kh3 Kf3 92.
Rg8 Nf2+ 93. Kh2 Rh4+ 94. Kg1 Rh1# {White checkmated} 0-1

[Event "Team 45 45 League T49"]
[Site "Internet Chess Club"]
[Date "2011.05.20"]
[Round "2"]
[White "Goli"]
[Black "clarinetref"]
[Result "1-0"]
[WhiteElo "1875"]
[BlackElo "1606"]
[Opening "Sicilian: Alapin's variation (2.c3)"]
[ECO "B22"]
[Time "15:06:35"]
[TimeControl "2700+45"]

1. e4 c5 2. c3 Nf6 3. e5 Nd5 4. d4 cxd4 5. cxd4 Nc6 6. Bc4 Nb6 7. Bb5 a6 8. Bxc6
bxc6 9. Nf3 d6 10. O-O Bg4 11. h3 Bf5 12. Nc3 e6 13. Bf4 d5 14. Rc1 c5 15. dxc5
Bxc5 16. Na4 Be7 17. Nd4 Nxa4 18. Qxa4+ Qd7 19. Qxd7+ Kxd7 20. Nxf5 exf5 21.
Rfd1 g5 22. Be3 Ke6 23. Rc6+ Kd7 24. Rh6 d4 25. Bxd4 Rhg8 26. Rxh7 Ke6 27. Rh6+
Rg6 28. Rxg6+ fxg6 29. Bc3 Rb8 30. Rd4 Rb6 31. Rc4 Bf8 32. h4 g4 33. f4 gxf3 34.
gxf3 Be7 35. Kg2 Kd5 36. Rd4+ Ke6 37. Kg3 Bc5 38. Rd8 Be3 39. Rc8 Bc1 40. Bd4
Rb4 41. Rxc1 Rxd4 42. Rc6+ Kxe5 43. Rxg6 f4+ 44. Kg4 Rd2 45. Rg5+ Kf6 46. Kxf4
Rxb2 47. Ra5 Rb4+ 48. Kg3 Rb6 49. Kg4 Kg6 50. f4 Kh6 51. h5 Rc6 52. Rg5 Rc1 53.
Rg6+ Kh7 54. Rxa6 Rg1+ 55. Kf5 {Black resigns} 1-0

[Event "Team 45 45 League T49"]
[Site "Internet Chess Club"]
[Date "2011.05.20"]
[Round "2"]
[White "Andressa"]
[Black "justice02"]
[Result "0-1"]
[WhiteElo "1467"]
[BlackElo "1693"]
[Opening "Caro-Kann defense"]
[ECO "B11"]
[Time "20:00:59"]
[TimeControl "2700+45"]

1. e4 c6 2. Nc3 d5 3. exd5 cxd5 4. d4 Bf5 5. Nf3 e6 6. Bb5+ Nd7 7. O-O a6 8.
Bxd7+ Qxd7 9. Bf4 Rc8 10. Re1 Nf6 11. Ne5 Qd8 12. Rc1 Bb4 13. Qf3 Ne4 14. g4 Bg6
15. Nxg6 hxg6 16. Re3 Be7 17. Nxe4 dxe4 18. Qxe4 O-O 19. c3 Qb6 20. b3 Rfd8 21.
Rd1 Rd7 22. d5 Bc5 23. Rf3 exd5 24. Rxd5 Re7 25. Qd3 Rce8 26. b4 Re1+ 27. Kg2
Bf8 28. Be3 Qe6 29. h3 Ra1 30. Qd2 Qe4 31. Qb2 Rg1+ 32. Kxg1 Qxf3 33. Rd7 Qxh3
34. Rxb7 Bd6 35. Qe2 Qh2+ 36. Kf1 Qh1# {White checkmated} 0-1

[Event "Team 45 45 League T49"]
[Site "Internet Chess Club"]
[Date "2011.05.18"]
[Round "2"]
[White "Pacini"]
[Black "mickeys"]
[Result "1-0"]
[WhiteElo "2045"]
[BlackElo "1962"]
[Opening "French: Fort Knox variation"]
[ECO "C10"]
[Time "19:31:14"]
[TimeControl "2700+45"]

1. e4 e6 2. d4 d5 3. Nc3 dxe4 4. Nxe4 Bd7 5. Nf3 Bc6 6. Bd3 Nd7 7. O-O Be7 8.
Re1 Ngf6 9. Ng3 b6 10. c4 Bb4 11. Rf1 O-O 12. a3 Bd6 13. Re1 Bxf3 14. Qxf3 c5
15. Be3 Qc7 16. dxc5 Nxc5 17. Bc2 Rac8 18. Nh5 Ncd7 19. Bd4 e5 20. Bc3 Nxh5 21.
Qxh5 Nf6 22. Qf5 Qxc4 23. Rad1 Rcd8 24. g3 Rfe8 25. h4 h6 26. Bd3 Qc7 27. Re2
Qc5 28. Rde1 a5 29. g4 Re6 30. h5 Rde8 31. Bb1 Qc4 32. Bd3 Qxg4+ 33. Qxg4 Nxg4
34. Bf5 Nf6 35. Bxe6 Rxe6 36. Bxe5 Nxh5 37. Bd4 Rg6+ 38. Kf1 Nf4 39. Re8+ Kh7
40. R1e4 f5 41. Re3 Nd5 42. R3e6 Rxe6 43. Rxe6 Bf4 44. Bxb6 Nxb6 45. Rxb6 h5 46.
Rb5 h4 47. Rxf5 g5 48. Kg2 Kg6 49. Rxf4 gxf4 50. b4 axb4 51. axb4 {Black
resigns} 1-0

[Event "Team 45 45 League T49"]
[Site "Internet Chess Club"]
[Date "2011.05.18"]
[Round "2"]
[White "pishd"]
[Black "Atlantis"]
[Result "1/2-1/2"]
[WhiteElo "1813"]
[BlackElo "1864"]
[Opening "Queen's pawn game, Darooha variation "]
[ECO "D02"]
[Time "15:06:15"]
[TimeControl "2700+45"]

1. d4 Nf6 2. Nf3 d5 3. c3 e6 4. Bf4 Bd6 5. e3 Bxf4 6. exf4 Nbd7 7. Nbd2 c5 8.
Bd3 b6 9. O-O O-O 10. Re1 Re8 11. Ne5 Nf8 12. g4 N6d7 13. Re3 f6 14. Nxd7 Bxd7
15. Qf3 Qc7 16. Qg3 cxd4 17. cxd4 Rac8 18. Ba6 Rcd8 19. Rc3 Qb8 20. Rac1 Bc8 21.
Bd3 Bd7 22. Ba6 Bc8 23. Bd3 Bd7 24. Ba6 {Game drawn by repetition} 1/2-1/2

[Event "Team 45 45 League T49"]
[Site "Internet Chess Club"]
[Date "2011.05.21"]
[Round "2"]
[White "Bacon1290"]
[Black "cknights"]
[Result "0-1"]
[WhiteElo "1661"]
[BlackElo "1942"]
[Opening "QGD semi-Slav"]
[ECO "D43"]
[Time "17:00:10"]
[TimeControl "2700+45"]

1. d4 d5 2. c4 c6 3. Nc3 Nf6 4. Nf3 e6 5. Bg5 h6 6. Bh4 dxc4 7. e4 g5 8. Bg3 b5
9. e5 Nd5 10. a4 h5 11. h3 h4 12. Bh2 Bb4 13. Qc2 Qa5 14. Rc1 Qxa4 15. Qxa4 bxa4
16. Nxg5 a3 17. bxa3 Bxc3+ 18. Rxc3 Nxc3 19. Kd2 Nb1+ 20. Kc2 Nxa3+ 21. Kc3 Nd7
22. Bxc4 Nxc4 23. Kxc4 Ba6+ 24. Kc3 Rb8 25. Ra1 Rb6 26. Ne4 Rg8 27. Nd6+ Ke7 28.
g3 Rgb8 29. gxh4 Rb3+ 30. Kc2 Rb2+ 31. Kc3 R8b3# {White checkmated} 0-1

[Event "Team 45 45 League T49"]
[Site "Internet Chess Club"]
[Date "2011.05.20"]
[Round "2"]
[White "IPiTIBuLL"]
[Black "Razorbackchess"]
[Result "1-0"]
[WhiteElo "1675"]
[BlackElo "1814"]
[Opening "Bird's opening"]
[ECO "A03"]
[Time "21:00:31"]
[TimeControl "2700+45"]

1. f4 d5 2. Nf3 Nf6 3. e3 g6 4. Be2 Bg7 5. O-O O-O 6. Nc3 c5 7. Rb1 b6 8. b3 Ba6
9. Nb5 Ne4 10. Bb2 Bxb2 11. Rxb2 Nd6 12. Nc3 Bxe2 13. Qxe2 e6 14. a4 Nc6 15. Nb5
Qe7 16. Nxd6 Qxd6 17. c3 e5 18. fxe5 Nxe5 19. d4 Nxf3+ 20. Qxf3 f5 21. Rbf2 Rae8
22. dxc5 Qxc5 23. Re2 Re4 24. Rd1 Rfe8 25. Kf2 Qxc3 26. Rxd5 Qxb3 27. Rd7 Qxa4
28. Red2 a5 29. Qh3 h5 30. Qg3 R4e6 31. Qc7 Qh4+ 32. Kf1 R6e7 33. Qxb6 Qc4+ 34.
Kg1 Qe6 35. R2d6 Qxe3+ 36. Qxe3 Rxe3 37. Rxg6+ Kf8 38. Rh6 R3e7 39. Rf6+ Kg7 40.
Rxe7+ Rxe7 41. Rxf5 Kg6 42. Rxa5 Re2 43. h4 Rb2 44. Ra6+ Kf5 45. Kh2 Rb3 46. g3
Rb5 47. Rh6 Kg4 48. Rg6+ Kf3 49. Rg5 Rb2+ 50. Kh3 Rb1 51. Rf5+ Ke4 52. Rxh5 Kf3
53. Rf5+ Ke4 54. Rf2 Ke3 55. Ra2 Rb3 56. h5 Ke4 57. Kh4 Rb1 58. Rh2 Kf5 59. g4+
Kf6 60. g5+ Kg7 61. Rf2 Rb4+ 62. Kg3 Rb5 63. Kg4 Rb4+ 64. Rf4 Rb1 65. h6+ {Black
resigns} 1-0

[Event "Team 45 45 League T49"]
[Site "Internet Chess Club"]
[Date "2011.05.20"]
[Round "2"]
[White "DARKwizard1"]
[Black "Stryker672"]
[Result "1/2-1/2"]
[WhiteElo "1941"]
[BlackElo "1958"]
[Opening "Petrov: Italian variation"]
[ECO "C24"]
[Time "13:01:25"]
[TimeControl "2700+45"]

1. e4 e5 2. Bc4 Nf6 3. Nf3 Nxe4 4. Nxe5 d5 5. Qf3 Be6 6. Bb3 Qf6 7. d4 Qxf3 8.
Nxf3 Bd6 9. O-O O-O 10. Nbd2 Nxd2 11. Bxd2 c6 12. Rfe1 Nd7 13. Ng5 Bf5 14. c4
dxc4 15. Bxc4 h6 16. Ne4 Bxe4 17. Rxe4 Rfe8 18. Rae1 Kf8 19. f3 Nf6 20. Rxe8+
Rxe8 21. g3 Rxe1+ 22. Bxe1 Ke7 23. Kf2 Nd5 24. a3 b5 25. Ba2 f5 26. f4 Bc7 27.
Kf3 Bb6 28. Bf2 h5 29. h3 Kf6 30. g4 g6 31. Bb1 a5 32. Bh4+ Ke6 33. Bf2 Kf6 34.
Bh4+ {Game drawn by mutual agreement} 1/2-1/2